 Dungeon Crawl Stone Soup version 0.29.0-4-gdea44cf6ec (webtiles) character file.

Game seed: 5921902647443497466

26 qw the Chopper (level 3, -1/21 HPs)
             Began as a Tengu Warper on Aug 28, 2022.
             Slain by an orc priest
             ... wielding a +0 trident
              (7 damage)
             ... on level 3 of the Dungeon.
             The game lasted 00:00:06 (1697 turns).

qw the Chopper (Tengu Warper)                       Turns: 1697, Time: 00:00:07

Health: -1/21      AC:  8    Str: 13    XL:     3   Next: 8%
Magic:  7/7        EV:  6    Int: 13    God:
Gold:   140        SH:  0    Dex: 13    Spells: 6/6 levels left

rFire   . . .      SeeInvis .   Y - +1 hand axe
rCold   . . .      Faith    .   (no shield)
rNeg    . . .      Spirit   .   c - +0 chain mail
rPois   .          Reflect  .   (helmet restricted)
rElec   .          Harm     .   (no cloak)
rCorr   .          Rampage  .   (no gloves)
Will    .....                   (boots unavailable)
Stlth   ..........              (no amulet)
HPRegen 0.07/turn               (no ring)
MPRegen 0.10/turn               (no ring)

@: no status effects
A: beak, talons 3
a: no special abilities


You were on level 3 of the Dungeon.
You visited 1 branch of the dungeon, and saw 3 of its levels.

You collected 140 gold pieces.


Innate Abilities, Weirdness & Mutations

You have a beak for a mouth.
You have claws for feet.


   Skills:
 - Level 2.0 Fighting
 + Level 3.8 Axes
 - Level 1.0 Throwing
 - Level 1.1 Armour
 - Level 2.1 Dodging
 - Level 2.0 Spellcasting
 - Level 2.4 Translocations


You had 6 spell levels left.
You didn't know any spells.
Your spell library contained the following spells:

 Spells                   Type           Power      Damage    Failure   Level
 Blink                    Tloc           14%        N/A       99%         2
 Gell's Gravitas          Tloc           7%         N/A       100%        3
 Lesser Beckoning         Tloc           7%         N/A       100%        3
 Teleport Other           Tloc           7%         N/A       100%        3
 Manifold Assault         Tloc           7%         N/A       100%        5

Inventory:

Hand Weapons
 i - a +0 club
 Y - a +1 hand axe (weapon)
Missiles
 h - 10 boomerangs (quivered)
Armour
 c - a +0 chain mail (worn)
Scrolls
 f - 2 scrolls of teleportation
 g - a scroll of butterflies {unknown}
Potions
 a - a potion of invisibility {unknown}
 b - a potion of haste {unknown}
 d - a potion of might {unknown}
 e - a potion of mutation {unknown}
 j - a potion of cancellation {unknown}
 k - a potion of curing
 l - 2 potions of heal wounds {unknown}

Dungeon Overview and Level Annotations

Branches:
Dungeon (3/15)

Altars:

Annotations:
D:1 2 transporters
D:2 1 runed translucent door, Crazy Yiuf


Message History

1685 ||| Stepping ~*~*~tactically~*~*~ (stealth).
An orc comes into view. It is wielding a +0 club.
A rat comes into view.
The orc priest hits you but does no damage.
1688 ||| Stepping ~*~*~tactically~*~*~ (stealth).
The orc priest hits you from afar with a +0 trident.
You hit the orc. Your kick misses the orc.
The orc is lightly wounded.
The orc priest calls upon Beogh to heal the orc.
The orc's wounds heal themselves!
The orc barely misses you.
You closely miss the orc. Your peck misses the orc.
The orc priest begins to cast a cantrip, but forgets the words!
The orc hits you but does no damage.
You hit the orc. Your kick misses the orc. Your peck misses the orc.
Your punch misses the orc.
The orc is heavily wounded.
An orc comes into view. It is wielding a +0 flail.
The orc closely misses you. The orc priest barely misses you.
You closely miss the orc. You peck the orc.
The orc is almost dead.
The orc priest hits you from afar with a +0 trident.
The orc barely misses you.
You hit the orc.
You kill the orc!
The orc priest hits you but does no damage.
You hit the orc.
The orc is severely wounded.
The orc priest looks satisfied for a moment.
The orc hits you with a +0 club.
The orc priest hits you but does no damage.
The orc hits you with a +0 club.
You hit the orc but do no damage.
The orc is severely wounded.
The orc hits you but does no damage.
The orc priest hits you from afar with a +0 trident!
You hit the orc but do no damage.
The orc is heavily wounded.
The orc hits you with a +0 club.
The orc priest hits you from afar with a +0 trident!
You die...

....# #. ...# ######.
#+##+#<.# #......
#:......# #.....^
#.......# #....).
#.......# #...... #
#.##.##.###......
#.##.##.##...%......
#oo@.##.######......
.o..or##................
##... #.####.##########
#.. ..( ## ..... ......#
. ........ .. #
........## ...#.
.........# #....#####


You could see an orc priest, 3 orcs and a rat.

Vanquished Creatures
  A dart slug (D:1)
  An orc (D:3)
  2 bats
  2 endoplasms (D:2)
  A giant cockroach (D:2)
  3 goblins
  A hobgoblin (D:2)
  A kobold (D:1)
  3 quokkas
  2 ball pythons (D:1)
  2 frilled lizards (D:1)
  A rat (D:1)
20 creatures vanquished.

Notes
Turn   | Place    | Note
-------+----------+-------------------------------------------
     0 | D:1      | qw the Tengu Warper began the quest for the Orb.
     0 | D:1      | Reached XP level 1. HP: 12/12 MP: 4/4
     0 | D:1      | 0 ||| qw: Version: 0.1-a-89-g26bdef1
     0 | D:1      | 0 ||| qw: Game counter: 58
     0 | D:1      | 0 ||| qw: Always use a shield: true
     0 | D:1      | 0 ||| qw: God list: Okawaru
     0 | D:1      | 0 ||| qw: Allow faded altars: false
     0 | D:1      | 0 ||| qw: Do Orc after D:15 true
     0 | D:1      | 0 ||| qw: Do second Lair branch before Depths: true
     0 | D:1      | 0 ||| qw: Lair rune preference: random
     0 | D:1      | 0 ||| qw: Plans: Normal
     0 | D:1      | 0 ||| PLANNING D:1-11
   120 | D:1      | Reached XP level 2. HP: 17/17 MP: 6/6
   121 | D:1      | Found a faded altar of an unknown god.
   127 | D:1      | Reached skill level 3 in Axes
   452 | D:1      | 452 ||| UPGRADING to +0 ring mail.
   462 | D:1      | 462 ||| DROPPING +0 leather armour.
   463 | D:1      | 463 ||| READING scroll labelled VULYJOLIBO.
   464 | D:1      | 464 ||| READING scroll labelled YNUTUP HUIXT.
   591 | D:1      | 591 ||| READING scroll labelled YHIWIE UWOUDO.
   592 | D:1      | 592 ||| DROPPING scroll of blinking.
   980 | D:2      | Found a runed translucent door.
   981 | D:2      | Noticed Crazy Yiuf
  1400 | D:2      | 1400 ||| UPGRADING to +0 chain mail.
  1410 | D:2      | 1410 ||| DROPPING +0 ring mail.
  1411 | D:2      | 1411 ||| READING 3 scrolls labelled LIMOIPSIAKA.
  1454 | D:2      | 1454 ||| READING scroll labelled WEOCRACRUNT.
  1455 | D:2      | 1455 ||| DRINKING 2 glowing silvery potions.
  1534 | D:3      | Reached XP level 3. HP: 11/21 MP: 7/7
  1685 | D:3      | 1685 ||| Stepping ~*~*~tactically~*~*~ (stealth).
  1688 | D:3      | 1688 ||| Stepping ~*~*~tactically~*~*~ (stealth).
  1697 | D:3      | Slain by an orc priest

Levels and vault maps discovered:
D:1:      spicycebolla_arrival_transporter_tutorial, layout_rooms,
          ebering_ecumenical_altar_webs, feat_on_display
D:2:      layout_basic, uniq_crazy_yiuf_cottage
D:3:      layout_basic

Skill      XL: |  1  2 |
---------------+-------+-----
Axes           | 3 |  3.8
Fighting       | |  2.0
Throwing       | |  1.0
Armour         | |  1.1
Dodging        | |  2.1
Spellcasting   | |  2.0
Translocations | |  2.4

Action                   || total
-------------------------++-------
Melee: Hand axe          ||    27
       Kick              ||     2
       Peck              ||     2
Throw: Boomerang         ||    29
  Use: Scroll            ||     5
       Potion            ||     1
Armor: Chain mail        ||    10
       Leather armour    ||     3
Dodge: Dodged            ||     7

Table legend:
 A = Non-vault XP
 B = Vault XP
 C = Vault XP percentage of total XP
 D = Non-vault monster count
 E = Vault monster count
 F = Vault count percentage of total count
                 A         B        C        D         E       F
            +---------+---------+-------+---------+---------+-------
      Total |      38 |       0 |   0.0 |      20 |       0 |   0.0
            +---------+---------+-------+---------+---------+-------
        D:1 |      22 |       0 |   0.0 |      12 |       0 |   0.0
        D:2 |       8 |       0 |   0.0 |       4 |       0 |   0.0
        D:3 |       8 |       0 |   0.0 |       4 |       0 |   0.0
            +---------+---------+-------+---------+---------+-------
